woodfighter, lawful female dwarven Priestess ----- #..... #|...| @|{..-# q-----# # # # # ### #---------- #|........| #|.<.*....| #.........| ---------- woodfighter the Acolyte Experience level: 4 Strength: 11 Dexterity: 13 Constitution: 17 Intelligence: 17 Wisdom: 10 Charisma: 9 Health: 0(38) Energy: 18(18) Def: 4 Gold: 17 Moves: 2466 Dungeon seed: 6ts4JoaLZFORfbV6 Game ID: woodfighter_1553722899 Your Inventory: Coins $ - 17 gold pieces Amulets A - an amulet versus poison (being worn) K - an amulet versus poison Weapons a - a blessed +1 mace M - a blessed +1 spear (weapon in hand) Armor e - a +0 robe (being worn) n - a +0 small shield (being worn) r - a +0 pair of water walking boots (being worn) Comestibles c - a clove of garlic d - 2 sprigs of wolfsbane G - a tripe ration H - a eucalyptus leaf J - a food ration Scrolls l - a scroll of water p - 2 scrolls of identify B - a scroll of scare monster F - a scroll of charging Spellbooks g - a spellbook of light h - a spellbook of extra healing i - a spellbook of protection Potions b - 4 potions of holy water m - a potion of restore ability Wands f - a wand of cancellation (0:1) Tools E - an oil lamp (0:1376) I - a brass lantern (0:1454) O - a tin whistle Gems q - a worthless piece of white glass Spells and supernatural/magical abilities: Name Level Category Fail Memory l - light 1 divination 0% 88% p - protection 1 clerical 0% 88% x - extra healing 3 healing 81% 88% W - pray for help -- divine ? -- X - turn undead -- divine ? -- Your skills at the end: Miscellaneous Skills shield [Basic] wands [Basic] Weapon Skills pick-axe [Basic] mace [Basic] Spellcasting Skills clerical spells [Basic] Final Attributes: You were fervently aligned. You were poison resistant. You had infravision. You were stealthy. You could walk on water. You are dead. Vanquished creatures: a rothe 2 coyotes 2 geckos 2 cave spiders 2 yellow molds a red mold 9 garter snakes 2 manes 2 jackals a fox 2 kobolds 5 newts a goblin 2 sewer rats 6 grid bugs 2 bats 3 lichens 2 kobold zombies 47 creatures vanquished. Voluntary challenges: You did not cause conflict. You were not invisible. You did not have reflection. You were not displaced. You were an atheist. You used a wielded weapon 59 times, starting on turn 6. You did not use containers. You did not apply a unicorn horn. You did not use plumbed fixtures. You did not drink any magical draughts. You were illiterate. You never genocided any monsters. You never polymorphed an object. You never changed form. You used no wishes. You never split a pudding. You never wrote Elbereth's name. You never violated your personal moral code. Dungeon overview: The Dungeons of Doom: levels 1 to 5 Level 1 a fountain, a sink a long staircase Level 2 (water) a general store stairs to The Gnomish Mines Level 3 (shop) a fountain Level 4 (Valerian in shop) a weapon shop, a fountain Level 5 <- You were here a fountain The Gnomish Mines: Level 3 stairs to The Dungeons of Doom History has recorded: On T:1 you entered the Dungeons of Doom to retrieve the Amulet of Yendor! On T:295 you reached level 2 of The Dungeons of Doom. On T:511 you reached level 1 of The Gnomish Mines. On T:609 you reached level 3 of The Dungeons of Doom. On T:679 you advanced to experience level 2. On T:1043 you advanced to experience level 3. On T:1584 you reached level 4 of The Dungeons of Doom. On T:1887 you reached level 5 of The Dungeons of Doom. On T:2156 you advanced to experience level 4. Score breakdown: Gold: 17 ( 1 points) Experience: 4 levels ( 300 points) Exploration: 5 levels ( 120 points) Discoveries: 12 items ( 600 points) Variety of kills: 18 monsters ( 900 points) Major goal: (nothing yet) ( 0 points) Survival: died (score multiplied by 3) Total score: 5763 Latest messages: The garter snake bites! You miss the garter snake. The garter snake bites! You miss the garter snake. The garter snake bites! You jab the garter snake. The garter snake just misses! You kill the garter snake! You see here a whistle. O - a whistle. You produce a high whistling sound. The rothe misses. The rothe bites! (2x) You hear some noises in the distance. You jab the rothe. You jab the rothe! The rothe claws you! The rothe bites! (2x) You kill the rothe! The rothe claws you! The rothe bites! (2x) You jab the rothe. You jab the rothe! The rothe claws you! The rothe bites! (2x) You die... Final status: Goodbye woodfighter the Priestess, killed by a rothe... You died in The Dungeons of Doom on dungeon level 5 with 5763 points, and 17 pieces of gold, after 2466 moves. You were level 4 with a maximum of 38 hit points when you died.